Map: [ESL] Hecate

Players

GuMiho - Winner!

  • Race: Terran Terran
  • Spawn Location: 7:00

DKZDark (Dark)

  • Race: Zerg Zerg
  • League: Master
  • Spawn Location: 1:00

Event: IEM Katowice 2024

VOD

Have the link to the VOD?

Description

Time

  • Played on: Dec. 6, 2023, 6:16 a.m.
  • Length: 15:42

All games in this series

Show
View Real Time Build Order
Export as new Build Order

GuMiho Terran - Winner!

Build Orders:  

Get SALT Encoding   

  12  0:00  SCV  
  13  0:12  SCV  
  14  0:18  Supply Depot  
  14  0:24  SCV  
  15  0:39  SCV  
  15  0:41  Barracks  
  16  0:51  SCV  
  17  1:03  SCV  
  18  1:05  Refinery  
  18  1:15  SCV  
  19  1:27  Orbital Command  
  19  1:28  Marine  
  20  1:34  Command Center  
  20  1:41  Supply Depot  
  20  1:46  Marine  
  21  1:53  SCV  
  22  2:03  Marine  
  22  2:05  SCV  
  24  2:09  Factory  
  24  2:14  Refinery  
  24  2:17  SCV  
  25  2:25  Barracks Reactor  
  25  2:29  Barracks, SCV  
  26  2:41  SCV  
  27  2:46  Orbital Command  
  27  2:53  Hellion, SCV  
  27  2:57  Starport  
  30  3:01  Marine x2  
  33  3:05  SCV  
  33  3:14  Hellion  
  33  3:15  Barracks Tech Lab  
  33  3:17  SCV  
  36  3:21  Supply Depot  
  36  3:22  SCV  
  36  3:24  Marine  
  36  3:26  Marine  
  39  3:33  Medivac  
  41  3:35  Stimpack  
  41  3:40  Supply Depot  
  41  3:44  Hellion  
  41  3:46  SCV x2  
  41  3:48  Marine  
  46  3:49  Marine  
  46  3:51  Marine  
  48  3:58  SCV x2  
  48  4:01  Supply Depot  
  50  4:06  Marine  
  50  4:07  Marine  
  50  4:08  Hellion, Marine  
  55  4:11  Medivac  
  55  4:14  SCV  
  55  4:16  SCV  
  59  4:21  Supply Depot  
  59  4:26  SCV  
  59  4:28  SCV  
  61  4:35  Marine x2  
  61  4:36  Marine  
  64  4:38  SCV  
  64  4:40  SCV  
  66  4:50  SCV, Supply Depot  
  66  4:51  Command Center  
  66  4:52  Factory Tech Lab  
  67  4:55  SCV  
  67  4:56  Marine x3  
  71  5:03  SCV, Engineering Bay x2  
  72  5:07  Refinery  
  72  5:12  Siege Tank  
  75  5:14  Combat Shield, Marine x2  
  74  5:26  Marine  
  70  5:29  Starport Tech Lab  
  70  5:31  Bunker  
  70  5:32  Marine x2  
  72  5:39  SCV x2  
  68  5:44  Marine  
  68  5:49  Marine  
  69  5:50  Banshee, Marine  
  69  5:56  SCV x2  
  76  5:58  Terran Infantry Weapons Level 1, Terran Infantry Armor Level 1  
  76  6:02  Marine  
  76  6:03  Barracks x2  
  77  6:05  Barracks  
  77  6:07  Orbital Command  
  77  6:08  SCV x2  
  77  6:11  Marine x2  
  81  6:18  Supply Depot  
  81  6:20  SCV x2, Marine  
  84  6:26  Refinery  
  84  6:28  Orbital Command, Siege Tank  
  84  6:32  SCV x2  
  89  6:39  Factory, Marine  
  89  6:40  Marine x2  
  89  6:42  Starport Reactor  
  89  6:44  SCV x2  
  94  6:49  Supply Depot  
  94  6:50  Supply Depot  
  94  6:53  Barracks Reactor, Supply Depot  
  94  6:54  Barracks Reactor x2  
  94  6:56  SCV x2  
  94  7:01  Siege Tank  
  99  7:02  Armory  
  99  7:03  Refinery  
  99  7:05  SCV  
  100  7:08  SCV x2  
  100  7:12  Marine x3  
  105  7:17  SCV  
  105  7:18  Supply Depot  
  105  7:19  Supply Depot  
  105  7:20  SCV x2  
  108  7:23  Siege Tank  
  108  7:29  SCV  
  112  7:31  Supply Depot  
  112  7:32  SCV  
  112  7:33  Marine x3, SCV  
  112  7:34  Marine x4  
  112  7:35  Marine  
  122  7:41  Supply Depot  
  122  7:44  Marine, Supply Depot  
  122  7:49  SCV x3  
  122  7:51  Marine x4  
  128  7:53  Siege Tank  
  128  7:56  Siege Tank  
  136  7:59  Terran Infantry Weapons Level 2  
  136  8:02  Terran Infantry Armor Level 2  
  136  8:14  Marine x5  
  136  8:15  Marine x4  
  144  8:20  Command Center  
  144  8:22  Missile Turret, SCV  
  144  8:23  SCV x2  
  147  8:28  Sensor Tower  
  147  8:32  Marine  
  147  8:33  Siege Tank x2  
  154  8:35  Terran Vehicle Weapons Level 1  
  154  8:38  Marine x6  
  154  8:39  Marine  
  154  8:41  Marine  
  162  8:43  Bunker  
  162  8:47  Medivac  
  164  8:50  Marine  
  165  9:05  Barracks, Siege Tank  
  165  9:06  Barracks, Siege Tank  
  165  9:08  Barracks  
  170  9:13  Missile Turret  
  170  9:14  Marine x5  
  173  9:22  Supply Depot  
  173  9:31  Marine x5  
  173  9:32  SCV x3  
  181  9:41  Command Center  
  181  9:43  Command Center  
  180  9:46  SCV x3  
  180  9:48  Refinery  
  180  9:50  Ghost Academy  
  183  9:56  Planetary Fortress  
  183  10:01  SCV x2  
  183  10:05  SCV  
  183  10:06  Sensor Tower  
  186  10:18  Command Center x2, Barracks Tech Lab x3  
  186  10:21  Terran Infantry Weapons Level 3  
  183  10:30  Command Center  
  183  10:31  Siege Tank x2  
  189  10:40  Medivac x2  
  189  10:42  Ghost  
  195  10:46  Ghost  
  195  10:48  Ghost  
  193  10:53  Ghost  
  157  11:16  Marauder x2, Marine x8  
  157  11:17  Siege Tank x2, Marauder  
  159  11:22  Marauder  
  159  11:23  SCV x2  
  159  11:24  SCV  
  159  11:25  Orbital Command x2  
  164  11:30  Refinery x2  
  164  11:37  Marauder  
  164  11:38  Marauder  
  164  11:39  Marauder  
  167  11:40  Terran Infantry Armor Level 3  
  166  11:52  Ghost  
  166  11:53  Marine  
  166  11:54  Marine  
  169  11:58  Ghost, Widow Mine  
  169  11:59  Marauder  
  169  12:00  SCV x3, Marauder  
  169  12:01  SCV  
  181  12:02  Siege Tank  
  181  12:07  Planetary Fortress  
  184  12:12  Orbital Command  
  184  12:17  Marine  
  184  12:19  Viking  
  184  12:20  Viking, Marauder  
  184  12:21  Marauder  
  184  12:22  Marauder  
  195  12:30  Missile Turret x2  
  195  12:33  Sensor Tower, Concussive Shells  
  191  12:42  Ghost x2  
  195  12:51  Ghost  
  195  12:52  Orbital Command  
  195  12:56  Siege Tank  
  168  13:08  Siege Tank  
  168  13:12  Marine x2  
  170  13:13  Marine x2, Marauder x2  
  170  13:14  Marine x5  
  181  13:20  Marine  
  181  13:22  Missile Turret x2  
  182  13:28  Siege Tank  
  182  13:30  Marine x2  
  182  13:31  Marine x3  
  182  13:32  Marine x4  
  182  13:34  Marine x2  
  195  13:38  Marine  
  195  13:40  Siege Tank  
  193  13:48  Marine x2  
  190  13:49  Marine x5  
  190  13:50  Marauder, Marine  
  200  13:57  Barracks x2  
  200  14:00  Barracks x2, Personal Cloaking  
  200  14:03  Fusion Core  
  200  14:07  Command Center  
  200  14:21  Siege Tank  
  159  14:38  Marauder, Marine x3  
  159  14:39  Marauder x2, Marine x6  
  159  14:40  Siege Tank  
  162  14:56  Marine x7  
  162  14:57  Marauder, Reaper  
  161  15:00  Marauder x3  
  138  15:14  Marine x5  
  138  15:18  Marauder  
  138  15:21  Marine x2  
Show
View Real Time Build Order
Export as new Build Order

DKZDark Zerg 

Build Orders: Hatch First 

Get SALT Encoding   

  12  0:00  Drone  
  13  0:12  Overlord  
  13  0:17  Drone  
  14  0:30  Drone x2  
  16  0:47  Hatchery  
  15  0:51  Drone  
  15  0:55  Drone  
  17  0:57  Drone  
  18  1:09  Extractor  
  17  1:13  Spawning Pool  
  17  1:16  Drone  
  17  1:19  Drone  
  18  1:27  Drone  
  20  1:40  Drone  
  20  1:50  Drone  
  21  2:00  Queen x2  
  26  2:01  Zergling x4  
  27  2:08  Metabolic Boost  
  27  2:12  Overlord  
  27  2:13  Drone  
  28  2:27  Hatchery  
  27  2:32  Drone  
  27  2:34  Drone  
  29  2:38  Drone x2  
  31  2:44  Queen  
  33  2:52  Overlord  
  33  2:54  Zergling x2  
  33  2:55  Zergling x2  
  34  3:00  Drone  
  35  3:10  Queen  
  35  3:11  Drone  
  35  3:12  Drone x3  
  41  3:17  Overlord  
  41  3:21  Queen  
  41  3:25  Zergling x2  
  44  3:31  Overlord  
  44  3:35  Drone x2  
  44  3:37  Drone x2  
  44  3:40  Queen  
  50  3:42  Drone  
  50  3:43  Drone  
  50  3:44  Drone  
  50  3:48  Zergling x4  
  55  3:52  Zergling x2  
  55  3:53  Drone x2  
  58  3:59  Queen  
  58  4:00  Drone  
  58  4:02  Drone  
  62  4:05  Drone x2  
  63  4:11  Roach Warren  
  63  4:12  Drone  
  63  4:15  Drone x2  
  65  4:22  Overlord  
  65  4:23  Overlord  
  65  4:31  Overlord  
  64  4:32  Zergling x2  
  64  4:35  Overlord  
  64  4:38  Overlord  
  65  4:40  Overlord  
  65  4:41  Drone x2  
  65  4:43  Drone  
  65  4:44  Extractor  
  65  4:45  Extractor  
  66  4:50  Overlord  
  66  4:51  Drone x2, Roach  
  66  4:52  Roach x3  
  76  4:54  Roach  
  76  4:56  Roach  
  80  5:05  Zergling x6  
  80  5:07  Zergling x2  
  84  5:12  Roach x2  
  88  5:20  Drone x4  
  91  5:26  Drone x2  
  91  5:27  Drone x2  
  88  5:31  Drone  
  88  5:33  Lair  
  88  5:34  Drone x3  
  88  5:35  Drone  
  87  5:40  Drone  
  87  5:41  Drone  
  86  5:49  Drone x3  
  89  5:52  Evolution Chamber  
  89  5:53  Evolution Chamber  
  89  5:54  Drone  
  86  5:58  Drone  
  86  6:00  Drone  
  86  6:01  Extractor  
  86  6:02  Extractor  
  86  6:04  Drone  
  86  6:06  Extractor  
  86  6:08  Drone  
  87  6:13  Drone  
  87  6:16  Drone  
  87  6:17  Drone  
  90  6:19  Zerg Melee Weapons Level 1  
  90  6:20  Zerg Ground Armor Level 1  
  90  6:22  Drone  
  91  6:26  Hatchery  
  91  6:29  Drone x3  
  91  6:32  Hatchery  
  92  6:38  Drone x2  
  92  6:39  Roach  
  104  6:40  Infestation Pit, Roach x4  
  104  6:41  Ravager x3  
  104  6:46  Drone x2  
  108  6:51  Drone  
  108  6:52  Zergling x6  
  112  6:56  Zergling x2  
  113  7:01  Zergling x2  
  114  7:10  Overlord  
  114  7:16  Hive  
  114  7:18  Overlord  
  114  7:19  Baneling Nest  
  114  7:22  Overlord  
  113  7:24  Overlord  
  113  7:26  Infestor, Hatchery  
  113  7:28  Overlord  
  114  7:30  Roach x2  
  114  7:31  Roach x2, Overlord  
  114  7:32  Overlord  
  114  7:36  Overlord x2  
  122  7:37  Infestor  
  122  7:39  Zergling x10  
  122  7:44  Zergling x2  
  130  7:47  Ravager x3  
  133  7:51  Zergling x12  
  133  7:54  Zergling x2  
  133  7:57  Zergling x6  
  143  8:01  Zergling x4  
  143  8:03  Drone x3  
  143  8:04  Zergling x2  
  149  8:07  Zergling x2  
  149  8:08  Centrifugal Hooks  
  150  8:14  Zergling x10  
  150  8:15  Zerg Melee Weapons Level 2  
  150  8:16  Zerg Ground Armor Level 2  
  152  8:22  Drone x2  
  154  8:28  Viper x2  
  159  8:37  Zergling x18  
  159  8:38  Ultralisk Cavern  
  165  8:47  Zergling x16  
  173  8:54  Drone x6, Hatchery  
  177  8:59  Adrenal Glands  
  177  9:05  Drone x2  
  177  9:08  Zergling x2  
  179  9:12  Baneling x13  
  179  9:14  Zergling x8  
  181  9:19  Zergling x10  
  181  9:24  Zergling x10  
  188  9:28  Chitinous Plating  
  191  9:41  Overlord x2  
  191  9:42  Zergling x16  
  198  9:46  Baneling x6  
  198  9:47  Baneling  
  198  9:56  Overlord  
  198  10:03  Baneling x2  
  198  10:04  Baneling  
  198  10:06  Spore Crawler  
  196  10:09  Spore Crawler  
  195  10:14  Baneling  
  195  10:15  Baneling x10  
  195  10:17  Burrow  
  195  10:19  Drone x4  
  177  10:28  Zergling x2  
  177  10:29  Zergling x42  
  177  10:34  Zerg Melee Weapons Level 3  
  177  10:35  Zerg Ground Armor Level 3  
  199  10:41  Zergling x2  
  171  11:01  Ultralisk x3  
  171  11:02  Zergling x12  
  171  11:03  Zergling x28  
  198  11:11  Drone x9  
  194  11:15  Drone, Spore Crawler  
  195  11:26  Ravager x2  
  195  11:31  Anabolic Synthesis  
  196  11:36  Zergling x2  
  196  11:37  Zergling x6, Hatchery  
  196  11:39  Hatchery  
  196  11:44  Zergling x16  
  199  11:52  Zergling x16  
  199  11:59  Zergling x4  
  199  12:02  Baneling x7  
  199  12:03  Baneling x7  
  199  12:04  Overlord  
  199  12:05  Baneling x2  
  199  12:14  Baneling x3  
  198  12:17  Overlord  
  198  12:18  Baneling x16  
  198  12:26  Zergling x6  
  191  12:37  Zergling x22  
  179  13:01  Zergling x36  
  169  13:07  Zergling x2  
  169  13:08  Zergling x14  
  169  13:11  Ultralisk x3  
  169  13:12  Zerg Missile Weapons Level 1  
  183  13:14  Zergling x10  
  183  13:15  Zergling x2  
  183  13:16  Zergling x4  
  191  13:22  Zergling x10  
  196  13:28  Hatchery  
  196  13:33  Zergling x10  
  193  13:38  Baneling  
  193  13:39  Baneling x8  
  171  13:43  Zergling x34  
  171  13:49  Ultralisk  
  171  13:52  Drone x4  
  181  13:57  Zergling x4  
  181  14:00  Extractor  
  180  14:10  Ultralisk x2  
  180  14:12  Zergling x2  
  180  14:14  Zergling x2  
  189  14:17  Zergling x22  
  179  14:29  Ultralisk x2  
  179  14:30  Zergling x10  
  177  14:37  Zergling x12  
  166  14:42  Zergling x4  
  166  14:44  Zergling x6  
  165  14:49  Baneling x3  
  163  14:53  Zergling x6  
  163  14:57  Zergling x6  
  150  15:01  Zergling x8  
  142  15:12  Baneling  
  142  15:13  Baneling  

Tags
 
Add a new tag
Caveats
  • Supply blocks, unpowered buildings, or Contaminate may cause inaccurate times.
  • Supply counts are checked every 10 seconds.